Map: Autômato LE

Players

Vicster - Winner!

  • Race: Terran Terran
  • League: Gold
  • Spawn Location: 9:00

VOD

Have the link to the VOD?

Description

Time

  • Played on: Jan. 6, 2019, 1:29 p.m.
  • Length: 24:58
Show
View Real Time Build Order
Export as new Build Order

Vicster Terran - Winner!

Build Orders:  

Get SALT Encoding   

  12  0:01  SCV  
  13  0:18  SCV  
  14  0:27  Supply Depot  
  14  0:35  SCV  
  15  0:57  SCV  
  16  1:02  Barracks  
  16  1:14  SCV  
  16  1:17  Refinery  
  17  1:31  SCV  
  18  1:48  SCV  
  19  2:08  Command Center  
  19  2:12  Barracks Tech Lab  
  19  2:25  Orbital Command  
  19  2:39  Marine  
  20  2:54  Supply Depot  
  20  3:05  Factory  
  20  3:10  SCV  
  21  3:26  SCV  
  21  3:43  SCV  
  21  3:49  Orbital Command  
  22  4:00  SCV  
  22  4:02  Bunker  
  23  4:17  SCV  
  23  4:18  Refinery  
  24  4:24  SCV  
  25  4:33  Factory  
  25  4:34  SCV  
  26  4:41  SCV  
  26  4:45  Factory  
  27  4:51  SCV  
  27  4:56  Supply Depot  
  27  4:59  SCV  
  29  5:08  SCV  
  30  5:16  SCV  
  31  5:25  SCV  
  31  5:28  Siege Tank  
  35  5:47  Factory Reactor  
  35  5:49  Command Center  
  35  6:07  Factory Reactor  
  35  6:17  SCV  
  35  6:19  Engineering Bay  
  36  6:20  SCV  
  36  6:27  Supply Depot  
  37  6:34  SCV  
  37  6:37  SCV  
  39  6:40  Siege Tank  
  39  6:43  Hellion  
  44  6:51  SCV  
  44  6:59  Missile Turret  
  45  7:03  Supply Depot  
  45  7:04  Hellion  
  45  7:05  Hellion  
  45  7:08  SCV  
  50  7:17  SCV  
  51  7:22  Refinery  
  51  7:23  Refinery  
  51  7:25  SCV, Siege Tank  
  51  7:27  Hellion x2  
  59  7:34  SCV, Hellion  
  62  7:40  Supply Depot  
  62  7:42  SCV, Orbital Command  
  63  7:51  SCV  
  63  7:59  SCV  
  65  8:08  SCV  
  66  8:10  Siege Tank  
  66  8:16  SCV  
  70  8:23  Armory  
  70  8:24  Armory  
  70  8:25  SCV  
  71  8:33  SCV  
  72  8:42  SCV x2  
  72  8:49  Hellion x2  
  78  8:50  SCV, Hellion x2  
  78  8:59  SCV x2  
  85  9:07  SCV  
  86  9:16  SCV x2  
  88  9:20  Hellion  
  88  9:24  SCV  
  88  9:29  Siege Tank x3  
  91  9:44  Factory  
  91  9:49  Missile Turret  
  91  9:53  Orbital Command  
  91  9:55  Factory  
  91  9:59  Factory  
  91  10:47  SCV x2  
  93  10:51  Factory  
  93  10:53  Terran Vehicle Weapons Level 1  
  93  10:54  Terran Vehicle And Ship Armor Level 1  
  93  10:59  Factory Tech Lab  
  93  11:00  Factory  
  93  11:09  Supply Depot x2  
  93  11:12  Factory Tech Lab, Supply Depot  
  93  11:13  Factory Tech Lab, Supply Depot  
  93  11:15  Supply Depot  
  93  11:21  Factory  
  93  11:39  Thor, SCV x3  
  102  11:40  Thor  
  108  11:56  Factory Tech Lab, SCV x2  
  110  12:23  Refinery  
  110  12:25  Factory  
  110  12:26  SCV x3  
  110  12:27  Refinery  
  113  12:43  SCV x3  
  116  13:00  SCV x2  
  116  13:04  Command Center  
  118  13:10  Factory  
  118  13:11  Command Center  
  118  13:12  Factory Tech Lab  
  118  13:17  Factory Tech Lab  
  118  13:19  SCV x3  
  121  13:36  SCV x3  
  115  13:53  SCV x2  
  117  14:02  Thor  
  117  14:03  Thor  
  117  14:06  Hellion x2  
  133  14:11  Terran Vehicle Weapons Level 2  
  133  14:37  Terran Vehicle And Ship Armor Level 2  
  133  14:44  Thor, Hellion x4  
  147  14:50  Supply Depot  
  147  14:51  Supply Depot  
  147  14:52  Hellion x3  
  153  15:14  Hellion  
  155  15:21  Hellion  
  155  15:26  Supply Depot  
  155  15:28  Factory  
  155  15:29  Supply Depot  
  157  15:35  Orbital Command  
  157  15:41  Factory Tech Lab  
  157  15:51  Refinery  
  157  15:54  Refinery  
  157  15:56  Supply Depot  
  157  15:59  Supply Depot  
  157  16:00  Thor  
  157  16:01  Thor x3  
  157  16:08  Hellion x3  
  157  16:09  Hellion x3  
  193  16:28  Supply Depot  
  193  16:30  Factory Tech Lab  
  193  16:35  Supply Depot  
  193  16:38  Hellion  
  198  16:51  Refinery  
  198  16:53  Refinery  
  195  17:00  Supply Depot  
  195  17:04  Command Center  
  195  17:05  Siege Tank x2  
  195  17:08  Siege Tank  
  195  17:10  Supply Depot  
  195  17:16  Orbital Command  
  195  17:58  Command Center  
  195  18:13  Command Center  
  189  18:47  Thor  
  189  18:48  Thor x5  
  195  18:51  Hellion x3  
  195  18:52  Hellion x3  
  128  19:21  Hellion x3  
  128  19:22  Hellion  
  128  19:23  Factory Tech Lab  
  136  19:35  Thor  
  136  19:36  Thor  
  148  19:47  Thor, Orbital Command  
  148  19:48  Thor x5  
  184  19:56  Refinery, Orbital Command  
  184  20:36  Refinery  
  184  20:40  Command Center  
  184  20:41  Refinery  
  184  20:46  Command Center  
  184  20:59  Thor x3  
  197  21:05  Terran Vehicle Weapons Level 3  
  197  21:06  Terran Vehicle And Ship Armor Level 3  
  193  21:37  Thor  
  199  21:48  Command Center  
  199  21:56  Orbital Command  
  197  22:56  Thor  
  193  23:01  Refinery  
  193  23:32  Refinery  
  193  23:33  Refinery  
  193  23:34  Command Center  
  193  23:38  Refinery  
  193  23:56  Thor  
  193  23:57  Thor  
  199  24:19  Command Center  
  199  24:23  Command Center  
Tags
 
League
Gold
Matchup
Co-op
Replay Pack
Vicster replay
Add a new tag
Caveats
  • Supply blocks, unpowered buildings, or Contaminate may cause inaccurate times.
  • Supply counts are checked every 10 seconds.